 BcadrenCrawl: Boulder Brew version 0.06-240-gf756cca71e (webtiles) character file.

Game seed: 4335208828428269286, levelgen mode: deterministic

518 gruber the Protected (level 7, 0/57 HPs) Minotaur Fighter. Began on Aug 13, 2022. Slain by a slime creature (11 damage) ... on level 2 of the Dungeon. The game lasted 00:06:55 (2697 turns).

gruber the Protected (Minotaur Fighter)             Turns: 2697, Time: 00:06:55

Health: 0/57       AC: 21    Str: 28    XL:     7 ^: 686
Magic:  6/6        EV:  7    Int:  5    God:
Gold:   138        SH:  7    Dex:  9    Spells: 6/6 levels left

rFire    . . .     Slash    .   a - +0 trident
rCold    . . .     Pierce   .   c - +0 heater shield
rNeg     . . .     Bludgeon .   g - +0 plate armour
rCorr    . . .     Vision   .   h - +0 hat
rPois    .         Gourm    .   (no cloak)
rElec    .         Faith    .   (no gloves)
MR       .....     Spirit   .   n - +0 pair of boots
HPRegen  0.29/turn Reflect  .   (no amulet)
MPRegen  0.16/turn Harm     .   k - ring of wizardry
Stlth    ..........             l - ring of protection

@: mighty, very slightly contaminated, studying 2 skills, invisible (expiring)
A: horns, retaliatory headbutt 2, soft flesh
a: no special abilities


You were on level 2 of the Dungeon.
You were not hungry.

You visited 1 branch of the dungeon, and saw 2 of its levels.

You collected 138 gold pieces.

Inventory:

Weapons
 a - a +0 trident (weapon) Shields
 c - a +0 heater shield (shield)
Armour
 g - a +0 plate armour (worn)
 h - a +0 hat (worn)
 n - a +0 pair of boots (worn)
Jewellery
 k - a ring of wizardry (left hand)
 l - a ring of protection (right hand)
Scrolls
 b - a scroll of magic mapping
 j - 5 scrolls of enchantment
Potions
 e - a potion of curing
 i - a potion of agility
Comestibles
 f - 6 rations


   Skills:
 - Level 3.6 Fighting
 * Level 6.1 Polearms
 - Level 10.2 Armour
 - Level 3.6 Shields


You had 6 spell levels left.
You didn't know any spells.
Your spell library was empty.

Dungeon Overview and Level Annotations

Branches:
Dungeon (2/8)

Altars:
Trog

Shops:
D:2 *[:}


Innate Abilities, Weirdness & Mutations

You reflexively attack those that strike you in melee with your horns.
((Your soft flesh is weak to deep cuts.
Heavy manmade armour will nullify this weakness. (rSlashing-)))


Message History

Unknown command.
You hit the slime creature (4).
It resists.
The slime creature quivers.
You headbutt the slime creature (1).
The slime creature is moderately wounded. (57/87) HP The slime creature quivers.
You block the slime creature's attack.
You hit the slime creature (1).
It resists.
You headbutt the slime creature (9)!
The slime creature is heavily wounded. (48/87) HP The slime creature hits you (16)!
* * * LOW HITPOINT WARNING * * *
Unknown command.
Unknown command.
You hit the slime creature (3).
It resists.
You headbutt the slime creature (14)!
The slime creature is severely wounded. (32/87) HP The slime creature quivers.
The slime creature hits you (11)!
You die...

##≈##≈≈≈≈P≈≈.≈≈# ######
≈####≈≈≈P≈P≈.#≈# #.??.#
≈.###≈≈PP≈≈P..≈ ####''#####++
#≈.##≈≈≈.P≈P.# #≈...≈≈≈≈≈≈≈≈
#.≈≈..≈...P.≈# #≈.≈tJ≈≈≈≈≈≈≈
##....≈.≈≈P≈.#####.###''#####+
≈####.≈.≈≈≈P.#.#J≈}# ....#
PP..≈÷<≈≈≈≈≈.#.≈J.########
....#.≈≈≈≈≈≈≈##.@≈##
....#≈≈≈≈≈≈≈P###≈.≈######
....#≈≈≈≈≈≈≈P# ##.≈##.≈≈##
...≈#≈≈≈≈≈≈≈≈###≈≈..#≈.≈≈#
....#≈≈≈≈≈≈≈≈#≈#.b.##≈#≈≈#
..≈#≈≈≈≈≈≈≈≈≈#.≈.≈.##≈#..#
##≈#≈≈≈≈≈≈≈≈.##.#.#..∩..#########
.≈≈≈≈≈≈≈≈....≈.≈....#.#......≈≈≈P
≈≈≈≈..≈≈P≈≈P≈.≈≈≈≈≈≈P.≈≈≈≈≈≈≈≈≈PP


You could see 2 slime creatures.

Vanquished Creatures
  2 crocodiles (D:2)
  A big kobold (D:1)
  2 jellies (D:2)
  3 giant cockroaches
  9 sewer rats
  9 cinder newts
  2 bullfrogs
  A worm (D:2)
  An ooze (D:1)
  2 dart slugs (D:1)
  2 leopard geckos
  2 adder skeletons (D:2)
  4 bats
  2 goblins (D:1)
  3 hobgoblins (D:1)
  5 kobolds (D:1)
  3 ball pythons
  5 rats (D:1)
  A withered plant (D:2)
59 creatures vanquished.

Vanquished Creatures (others)
  A giant cockroach (D:2)
  A sewer rat (D:2)
  2 bats (D:2)
  A ball python (D:2)
  40 withered plants (D:2)
45 creatures vanquished.

Grand Total: 104 creatures vanquished

Notes
Turn   | Place    | Note
-------+----------+-------------------------------------------
     0 | D:1      | gruber the Minotaur Fighter began the quest for the Orb.
     0 | D:1      | Reached XP level 1. HP: 19/19 MP: 0/0
    71 | D:1      | Reached skill level 5 in Armour
    71 | D:1      | Reached XP level 2. HP: 26/26 MP: 1/1
   135 | D:1      | Reached skill level 6 in Armour
   139 | D:1      | Reached XP level 3. HP: 31/31 MP: 2/2
   697 | D:1      | Reached skill level 7 in Armour
   945 | D:2      | Reached XP level 4. HP: 38/39 MP: 3/3
   959 | D:2      | Noticed a big kobold
  1049 | D:1      | Killed a big kobold
  1049 | D:1      | Reached skill level 9 in Armour
  1049 | D:1      | Reached XP level 5. HP: 38/45 MP: 4/4
  1363 | D:2      | Reached skill level 10 in Armour
  1452 | D:1      | HP: 3/67 [cinder newt (3)]
  1703 | D:2      | Reached XP level 6. HP: 29/51 MP: 5/5
  1792 | D:2      | Found Ywkuij's Book Shoppe.
  1862 | D:2      | Found Abruor's Assorted Antiques.
  1998 | D:2      | Found a bloodstained altar of Trog.
  2061 | D:2      | Found Fioj's Armour Shop.
  2587 | D:2      | Found Wygoph's Gadget Emporium.
  2666 | D:2      | Noticed a slime creature
  2666 | D:2      | Noticed a slime creature
  2675 | D:2      | Reached skill level 5 in Polearms
  2682 | D:2      | Reached XP level 7. HP: 57/57 MP: 6/6
  2697 | D:2      | Slain by a slime creature

Levels and vault maps discovered:
D:1:      saegor_arrival_miasma, layout_basic, moated_statue,
          minmay_split_cup_small
D:2:      layout_sewer, sewer_guarded_exit, serial_shops, nicolae_shop_stone,
          shop, kennysheep_mini_moat, nicolae_shop_crystal, first_ration,
          basic_altar

Skill      XL: |  1  2  3  4  5  6 |
---------------+-------------------+-----
Armour         | 5 6 7 9 10 | 10.2
Polearms       | 3 6 |  6.1
Fighting       | |  3.6
Shields        | |  3.6

Action                   |  1- 3 |  4- 6 |  7- 9 || total
-------------------------+-------+-------+-------++-------
Melee: Trident           |    56 |   204 |    15 ||   275
       Headbutt          |     9 |    19 |     4 ||    32
  Use: Potion            |       |     3 |       ||     3
 Stab: Invisible         |       |       |     2 ||     2
  Eat: Chunk             |       |     7 |       ||     7
Armor: Plate armour      |    14 |   119 |     2 ||   135
Dodge: Dodged            |     2 |    22 |     2 ||    26
Block: Heater shield     |     7 |    57 |     2 ||    66
